 Dungeon Crawl Stone Soup version 0.30.0-5-g1a98f26d00 (webtiles) character file.

Game seed: 14222617795459352639

56 RascalDebosk the Magician (level 4, -4/31 HPs)
             Began as a Djinni Earth Elementalist on May 10, 2023.
             Shot with a sling bullet by a gnoll (6 damage)
             ... on level 2 of the Dungeon.
             The game lasted 00:06:42 (1187 turns).

RascalDebosk the Magician (DjEE)                    Turns: 1187, Time: 00:06:43

Health: -4/31      AC:  4    Str:  7    XL:     4   Next: 17%
Gold:   72         EV: 12    Int: 18    God:
                   SH:  0    Dex: 14

rFire   + + .        (no weapon)
rCold   x . .        (no shield)
rNeg    . . .        a - +0 robe
rPois   ∞            (no helmet)
rElec   .            (no cloak)
rCorr   .            b - +1 pair of gloves
SInv    .            (boots unavailable)
Will    .....        (no amulet)
Stlth   ++           (no ring)
HPRegen 0.25/turn    (no ring)
MPRegen 0.00/turn

%: infuse magic (-5 HP)
@: flying
A: sickness immunity, fire resistance 2, cold vulnerability 1, float, innate
caster, HP casting, extra vitality 1
a: no special abilities


You were on level 2 of the Dungeon.
You visited 1 branch of the dungeon, and saw 2 of its levels.

You collected 72 gold pieces.

Inventory:

Armour
 a - a +0 robe (worn)
 b - a +1 pair of gloves (worn)
 d - a +0 ring mail
Scrolls
 e - a scroll of blinking {unknown}
 f - 2 scrolls of vulnerability {unknown}
 g - 3 scrolls of identify {unknown}
 h - a scroll of acquirement {unknown}
 i - a scroll of fog {unknown}
 l - a scroll of enchant weapon {unknown}
 m - a scroll of teleportation {unknown}
 n - a scroll of magic mapping {unknown}
Potions
 c - 2 potions of heal wounds {unknown}
 j - a potion of magic {unknown}
 k - a potion of lignification {unknown}


   Skills:
 - Level 2.1 Dodging
 - Level 1.5 Stealth
 * Level 3.7 Spellcasting


You knew the following spells:

 Your Spells              Type           Power      Damage    Failure   Level
a - Sandblast             Erth           32%        2d9       3%          1
b - Passwall              Tmut/Erth      13%        N/A       4%          2
c - Stone Arrow           Conj/Erth      32%        3d9       10%         3
d - Petrify               Tmut/Erth      16%        N/A       32%         4
e - Kiss of Death         Conj/Necr      64%        2d10      3%          1
Your spell library was empty.

Dungeon Overview and Level Annotations

Branches:
Dungeon (2/15)

Altars:


Innate Abilities, Weirdness & Mutations

You are immune to sickness and miasma.
You are immune to poison.
Your flesh is very heat resistant. (rF++)
You are vulnerable to cold. (rC-)
You float through the air rather than walking.
You learn spells naturally, not from books.
Your magical power is your life essence.
You have superior vitality. (+4 MHP)


Message History

You see here a +0 flail.
Found a short sword.
k - a sapphire potion You reach down and open the door.
Found a stone staircase leading up.
You see here 5 stones.
Found a stone staircase leading down.
You reach down and open the door.
There is an open door here.
A rat comes into view.
Casting: Sandblast (safe; 3% risk of failure)
Confirm with . or Enter, or press ? or * to list all spells.
Aiming: Sandblast (safe; 3% risk of failure)
Press: ? - help, Shift-Dir - straight line, f - rat
Aim: a rat (asleep, 100% to hit)
The blast of sand hits the rat.
You kill the rat!
You reach down and open the door.
There is an open door here.
You reach down and open the door.
There is an open door here.
l - a scroll labelled NUXEAK XUUG
m - a scroll labelled IGGIAD COWK A gnoll is nearby!
A gnoll is nearby!
n - a scroll labelled DUTUIWN AGGOIRGH
Found a hand axe.
Found a club and a +0 whip.
Found a stone staircase leading down.
A gnoll comes into view. It is wielding a +0 sling.
The gnoll shouts!
The gnoll shoots a sling bullet.
The sling bullet misses you.
The gnoll shoots a sling bullet.
The sling bullet hits you.
The gnoll shouts!
The gnoll shoots a sling bullet.
The sling bullet closely misses you.
An endoplasm comes into view.
The gnoll shoots a sling bullet.
The sling bullet misses you.
Casting: Sandblast (safe; 3% risk of failure)
Confirm with . or Enter, or press ? or * to list all spells.
You can't see any susceptible monsters within range! (Use Z to cast anyway.)
The gnoll shoots a sling bullet.
The sling bullet hits you.
An endoplasm comes into view.
The gnoll shoots a sling bullet.
The sling bullet closely misses you.
Casting: Sandblast (safe; 3% risk of failure)
Confirm with . or Enter, or press ? or * to list all spells.
Aiming: Sandblast (safe; 3% risk of failure)
Press: ? - help, Shift-Dir - straight line, f - gnoll
Aim: a gnoll, wielding a +0 sling and wearing a +0 ring mail (87% to hit)
The blast of sand hits the gnoll but does no damage.
The endoplasm quivers.
The gnoll shoots a sling bullet.
The sling bullet barely misses you.
Casting: Sandblast (safe; 3% risk of failure)
Confirm with . or Enter, or press ? or * to list all spells.
Aiming: Sandblast (safe; 3% risk of failure)
Press: ? - help, Shift-Dir - straight line, f/p - gnoll
Aim: a gnoll, wielding a +0 sling and wearing a +0 ring mail (87% to hit)
The blast of sand hits the gnoll.
The gnoll is moderately wounded.
The gnoll shoots a sling bullet.
The sling bullet misses you.
The gnoll shoots a sling bullet.
The sling bullet hits you.
The gnoll shoots a sling bullet.
The sling bullet hits you.
The gnoll shoots a sling bullet.
The sling bullet closely misses you.
Casting: Sandblast (safe; 3% risk of failure)
Confirm with . or Enter, or press ? or * to list all spells.
Aiming: Sandblast (safe; 3% risk of failure)
Press: ? - help, Shift-Dir - straight line, f/p - gnoll
Aim: a gnoll, wielding a +0 sling and wearing a +0 ring mail (moderately wounded, 87% to hit)
The blast of sand hits the gnoll.
The gnoll is severely wounded.
* * * LOW HITPOINT WARNING * * *
The gnoll shoots a sling bullet.
The sling bullet barely misses you.
Casting: Sandblast (safe; 3% risk of failure)
Confirm with . or Enter, or press ? or * to list all spells.
Aiming: Sandblast (safe; 3% risk of failure)
Press: ? - help, Shift-Dir - straight line, f/p - gnoll
Aim: a gnoll, wielding a +0 sling and wearing a +0 ring mail (severely wounded, 87% to hit)
The blast of sand hits the gnoll but does no damage.
The gnoll is severely wounded.
* * * LOW HITPOINT WARNING * * *
The gnoll shoots a sling bullet.
The sling bullet hits you.
* * * LOW HITPOINT WARNING * * *
The endoplasm barely misses you.
Casting: Sandblast (safe; 3% risk of failure)
Confirm with . or Enter, or press ? or * to list all spells.
Aiming: Sandblast (safe; 3% risk of failure)
Press: ? - help, Shift-Dir - straight line, f/p - gnoll
Aim: a gnoll, wielding a +0 sling and wearing a +0 ring mail (severely wounded, 87% to hit)
The blast of sand hits the gnoll!
You kill the gnoll!
* * * LOW HITPOINT WARNING * * *
The endoplasm hits you but does no damage.
You have reached level 4!
You feel agile. The endoplasm attacks as you move away!
The endoplasm hits you but does no damage.
The gnoll shoots a sling bullet.
The sling bullet hits you!
* * * LOW HITPOINT WARNING * * *
The endoplasm attacks as you move away! The endoplasm barely misses you.
The gnoll shoots a sling bullet.
The sling bullet hits you.
You die...

....######.........#########..#
...## ########### .... ....###
####### ..... ......# #.....#
...##.## #.....# ...##..##
#.....# . ...###..####.....# ..
...####........).#####...
.......##.......@........
.......###.....#J......#
.......# #.....#.......#
.......# #.....#J.g....#
.......# #...............
.......# ###...#.........
.......# ##.)#.).......
.......# #..#......... .).....#
#>...........


You could see a gnoll and 2 endoplasms.

Vanquished Creatures
  2 gnolls (D:2)
  A bat (D:1)
  4 endoplasms (D:1)
  3 giant cockroaches
  3 goblins
  4 hobgoblins
  2 jackals (D:2)
  6 kobolds
  A quokka (D:1)
  2 ball pythons (D:1)
  4 rats
32 creatures vanquished.

Notes
Turn   | Place    | Note
-------+----------+-------------------------------------------
     0 | D:1      | RascalDebosk the Djinni Earth Elementalist began the quest
                  | for the Orb.
     0 | D:1      | RascalDebosk set off with the following spells memorised:
                  | Sandblast, Passwall, Stone Arrow, Petrify.
     0 | D:1      | Reached XP level 1. HP: 15/15 MP: 0/0
    70 | D:1      | Reached XP level 2. HP: 21/21 MP: 0/0
   189 | D:1      | Reached skill level 3 in Spellcasting
   440 | D:1      | Reached XP level 3. HP: 24/25 MP: 0/0
   440 | D:1      | Learned a level 1 spell: Kiss of Death
  1185 | D:2      | Reached XP level 4. HP: 11/31 MP: 0/0
  1187 | D:2      | Shot with a sling bullet by a gnoll

Illustrated notes

Levels and vault maps discovered:
D:1:      minmay_arrival_semitransparent, layout_basic, serial_aquarium,
          aquarium_bridge_square [aquarium_subvault_bridge,
          aquarium_subvault_bridge, aquarium_subvault_bridge,
          aquarium_subvault_bridge], aquarium_window_corridor_2,
          aquarium_window_fake, aquarium_window_fake, aquarium_view_2c,
          aquarium_view_2e, aquarium_pool_2
D:2:      layout_basic

Skill      XL: |  1  2 |
---------------+-------+-----
Spellcasting   | 3 |  3.7
Dodging        | |  2.1
Stealth        | |  1.5

Action                     |  1- 3 |  4- 6 || total
---------------------------+-------+-------++-------
   Cast: Sandblast         |    53 |       ||    53
 Armour: Robe              |     2 |     1 ||     3
  Dodge: Dodged            |    19 |     1 ||    20
